 Dungeon Crawl Stone Soup version 0.19.5 (webtiles) character file.

307 tof the Skirmisher (level 6, -6/48 HPs)
             Began as a Demonspawn Fighter on Mar 2, 2017.
             Mangled by a gnoll
             ... wielding a +0 halberd
              (8 damage)
             ... on level 4 of the Dungeon.
             The game lasted 00:05:23 (3053 turns).

tof the Skirmisher (Demonspawn Fighter)             Turns: 3053, Time: 00:05:24

Health: -6/48      AC:  9    Str: 16    XL:     6   Next: 16%
Magic:  6/6        EV:  4    Int:  9    God:
Gold:   178        SH:  9    Dex: 15    Spells: 0 memorised, 5 levels left

rFire  . . .     SeeInvis .     a - +0 trident
rCold  . . .     Gourm    .     o - +0 chain mail
rNeg   . . .     Faith    .     c - +0 shield
rPois  .         Spirit   .     (helmet restricted)
rElec  .         Reflect  .     (no cloak)
rCorr  .         Harm     .     (no gloves)
MR     .....                    (no boots)
Stlth  ..........               (no amulet)
                                (no ring)
                                (no ring)

@: no status effects
A: claws 1, hooves 2, horns 1, nightstalker 1
a: no special abilities


You were on level 4 of the Dungeon.
You were not hungry.

You visited 1 branch of the dungeon, and saw 4 of its levels.

You collected 178 gold pieces.

Inventory:

Hand Weapons
 a - a +0 trident (weapon)
Armour
 b - a +0 scale mail
 c - a +0 shield (worn)
 o - a +0 chain mail (worn)
 v - the cursed +0 pair of gloves of Pabipn {rElec rF- Dex+4, unknown}
   (You found it on level 4 of the Dungeon)

   It affects your dexterity (+4).
   It makes you vulnerable to fire.
   It insulates you from electricity.
   It has a curse placed upon it.
Jewellery
 n - a cursed ring of loudness {unknown}
Scrolls
 i - a scroll of teleportation {unknown}
 j - 3 scrolls of identify {unknown}
 k - a scroll of fog {unknown}
 q - a scroll of recharging {unknown}
 r - a scroll of enchant weapon {unknown}
 s - a scroll of blinking {unknown}
 w - a scroll of amnesia {unknown}
Potions
 d - 2 potions of might
 e - 2 potions of lignification {unknown}
 g - a potion of berserk rage {unknown}
 h - 3 potions of cancellation {unknown}
 t - a potion of curing {unknown}
 u - a potion of resistance {unknown}
 x - 2 potions of heal wounds {unknown}
Comestibles
 f - 3 bread rations
 l - 2 meat rations
 m - a slice of pizza
 p - a beef jerky


   Skills:
 * Level 4.2 Fighting
 * Level 3.6 Polearms
 + Level 3.6 Armour
 + Level 1.6 Stealth
 + Level 3.5 Shields


You had 5 spell levels left.
You didn't know any spells.

Dungeon Overview and Level Annotations

Branches:
Dungeon (4/15)
 Temple: D:4-7

Altars:
Fedhas


Innate Abilities, Weirdness & Mutations

You have sharp fingernails.
You have hoof-like feet.
You have a pair of small horns on your head.
You are slightly more attuned to the shadows.


Message History

* * * LOW HITPOINT WARNING * * *
You barely miss the gnoll.
The gnoll is lightly wounded.
The gnoll hits you with a halberd.
* * * LOW HITPOINT WARNING * * *
You hit the gnoll but do no damage. You kick the gnoll, but do no damage.
Your headbutt misses the gnoll.
The gnoll is lightly wounded.
The gnoll hits you with a halberd.
* * * LOW HITPOINT WARNING * * *
You are too injured to fight recklessly!
You are too injured to fight recklessly!
You are too injured to fight recklessly!
You hit the gnoll but do no damage. You headbutt the gnoll.
The gnoll is lightly wounded.
You block the gnoll's attack.
You hit the gnoll.
The gnoll is heavily wounded.
The gnoll hits you with a halberd!
You die...

#...........# #
#..#.........#
...####..####..# ..
#..# ##.# .##
#..####... #.#
#........
##.###........ .
######)..##..#.....
.
#....@g............
##.#####.#.........
##. #..##........
#.###.##.........
#....#..........
##.g##..........
#g.#..........
#...........
#....#...).....


You could see a gnoll.

Vanquished Creatures
  The ghost of Elystan the Magician, a weakling DEFE (D:3)
  A bullfrog skeleton (D:4)
  A gnoll shaman (D:4)
  2 orc wizards (D:4)
  A worker ant (D:4)
  2 adders
  2 gnolls (D:4)
  An ooze (D:1)
  A worm (D:3)
  4 dart slugs
  7 orcs
  6 giant cockroaches
  11 goblins
  4 hobgoblins
  11 jackals
  A quokka (D:3)
  3 ball pythons
  5 bats
  4 frilled lizards
  5 kobolds
  8 rats
81 creatures vanquished.

Notes
Turn   | Place    | Note
-------+----------+-------------------------------------------
     0 | D:1      | tof the Demonspawn Fighter began the quest for the Orb.
     0 | D:1      | Reached XP level 1. HP: 18/18 MP: 1/1
   117 | D:1      | Gained mutation: You have sharp fingernails. [demonic ancestry]
   117 | D:1      | Reached XP level 2. HP: 9/24 MP: 2/2
   675 | D:1      | Gained mutation: You have a pair of small horns on your head. [demonic ancestry]
   675 | D:1      | Reached XP level 3. HP: 25/29 MP: 3/3
  1652 | D:3      | Gained mutation: You are slightly more attuned to the shadows. [demonic ancestry]
  1652 | D:3      | Reached XP level 4. HP: 35/35 MP: 4/4
  1785 | D:3      | Noticed Elystan's ghost (weakling DEFE)
  1804 | D:3      | Killed Elystan's ghost
  2499 | D:4      | Reached skill level 1 in Stealth
  2499 | D:4      | Gained mutation: You have large cloven feet. [demonic ancestry]
  2499 | D:4      | Reached XP level 5. HP: 38/42 MP: 5/5
  2764 | D:4      | Reached skill level 4 in Fighting
  2939 | D:4      | Found a blossoming altar of Fedhas.
  3011 | D:4      | Got a pair of ichor-stained gloves
  3035 | D:4      | Gained mutation: You have hoof-like feet. [demonic ancestry]
  3035 | D:4      | Reached XP level 6. HP: 33/48 MP: 6/6
  3050 | D:4      | HP: 2/48 [gnoll/halberd (5)]
  3053 | D:4      | Mangled by a gnoll

Skill      XL: |  1  2  3  4  5 |
---------------+----------------+-----
Polearms       | 2 3 |  3.6
Shields        | 3 |  3.5
Armour         | 3 |  3.6
Stealth        | 1 |  1.6
Fighting       | 4 |  4.2

Action                   |  1- 3 |  4- 6 || total
-------------------------+-------+-------++-------
Melee: Trident           |   154 |   167 ||   321
       Headbutt          |    10 |    28 ||    38
       Kick              |       |    21 ||    21
 Stab: Distracted        |     1 |       ||     1
  Eat: Chunk             |     3 |     4 ||     7
Armor: Scale mail        |    53 |       ||    53
       Chain mail        |    27 |    74 ||   101
Dodge: Dodged            |    44 |    29 ||    73
Block: Shield            |    89 |    77 ||   166
